 Dungeon Crawl Stone Soup version 0.20.1-1-g8b1a95d (webtiles) character file.

238 theAP the Skirmisher (level 6, -5/40 HPs)
             Began as a Gargoyle Fighter on Aug 20, 2017.
             Killed by divine providence
             ... invoked by an orc priest
              (10 damage)
             ... on level 4 of the Dungeon.
             The game lasted 00:04:03 (2227 turns).

theAP the Skirmisher (Gargoyle Fighter)             Turns: 2227, Time: 00:04:04

Health: -5/40      AC: 16    Str: 22    XL:     6   Next: 7%
Magic:  6/6        EV:  5    Int:  8    God:
Gold:   166        SH:  9    Dex: 11    Spells: 5/5 levels left

rFire    . . .     SeeInvis .   s - +0 morningstar
rCold    . . .     Gourm    .   c - +0 shield
rNeg     + . .     Faith    .   o - +0 chain mail
rPois    ∞         Spirit   .   (no helmet)
rElec    +         Reflect  .   (no cloak)
rCorr    .         Harm     .   (no gloves)
MR       .....                  l - +2 pair of boots
Stlth    ..........             (no amulet)
Regen    0.2/turn               n - ring of wizardry
MPRegen  0.1/turn               b - +2 ring of dexterity

@: no status effects
A: negative energy resistance 1, electricity resistance, unbreathing,
petrification resistance, rot immunity, AC +4
a: no special abilities


You were on level 4 of the Dungeon.
You were hungry.

You visited 1 branch of the dungeon, and saw 4 of its levels.

You collected 166 gold pieces.

Inventory:

Hand Weapons
 a - a +0 flail
 s - a +0 morningstar (weapon)
Armour
 c - a +0 shield (worn)
 l - a +2 pair of boots (worn)
 o - a +0 chain mail (worn)
Jewellery
 b - a +2 ring of dexterity (right hand)
 n - a ring of wizardry (left hand)
Scrolls
 e - a scroll of identify
 k - a scroll of magic mapping
Potions
 d - 2 potions of might
 h - 3 potions of heal wounds
 i - a potion of invisibility
 t - a potion of berserk rage
Comestibles
 f - 2 bread rations
 g - 2 royal jellies
 j - 2 meat rations


   Skills:
 + Level 5.1 Fighting
 * Level 5.0 Maces & Flails
 - Level 3.2 Armour
 - Level 3.2 Shields


You had 5 spell levels left.
You didn't know any spells.

Dungeon Overview and Level Annotations

Branches:
Dungeon (4/15)
 Temple: D:4-7

Altars:
Dithmenos


Innate Abilities, Weirdness & Mutations

You are resistant to torment.
Your stone body is resilient. (AC +4)
You are immune to poison.
You resist negative energy. (rN+)
You are resistant to electric shocks. (rElec)
You can survive without breathing.
You are immune to petrification.
You are immune to rotting.


Message History

An orc comes into view. It is wielding a war axe.
The orc priest shouts!
The orc shouts!
An orc priest comes into view. It is wielding a mace.
You closely miss the orc wizard.
The orc priest calls down the wrath of Beogh upon you.
Beogh smites you!
The orc priest mumbles some strange prayers to Beogh against you.
Beogh smites you! The orc hits you but does no damage.
The orc wizard casts a spell at you.
You are confused.
The orc priest miscasts a cantrip.
The orc hits you with a flail.
The orc priest begins to cast a cantrip, but forgets the words!
You feel less confused.
The orc priest mumbles some strange prayers to Beogh against you.
Beogh smites you!
* * * LOW HITPOINT WARNING * * *
The orc priest invokes the aid of Beogh against you.
Beogh smites you!
You die...

#..##...## #.......#
######oo....##
####............##
###.......[........#
#..................#
#.........ooo.......
#...................
##..........@...#...
##............###..
##..........## .
###........##
#######...#
###...#......
####...#####..##
###....#### .#
#####.........# #


You could see 2 orc priests, an orc wizard and 2 orcs.

Vanquished Creatures
  A phantom (D:4)
  An orc wizard (D:3)
  5 adders
  An ooze (D:1)
  2 worms
  A dart slug (D:1)
  2 leopard geckos
  8 orcs (D:3)
  A ball python (D:3)
  2 bats
  2 giant cockroaches (D:2)
  7 goblins
  3 hobgoblins
  3 jackals (D:3)
  5 kobolds
  6 frilled lizards
  3 rats
53 creatures vanquished.

Notes
Turn   | Place    | Note
-------+----------+-------------------------------------------
     0 | D:1      | theAP the Gargoyle Fighter began the quest for the Orb.
     0 | D:1      | Reached XP level 1. HP: 14/14 MP: 1/1
   256 | D:1      | Reached XP level 2. HP: 19/19 MP: 2/2
   684 | D:2      | Reached XP level 3. HP: 24/24 MP: 3/3
  1292 | D:2      | Found a shadowy altar of Dithmenos.
  1364 | D:3      | Reached XP level 4. HP: 21/29 MP: 4/4
  1508 | D:3      | Reached XP level 5. HP: 20/34 MP: 5/5
  2096 | D:4      | Noticed a phantom
  2115 | D:4      | Killed a phantom
  2115 | D:4      | Reached skill level 5 in Fighting
  2115 | D:4      | Reached skill level 5 in Maces & Flails
  2115 | D:4      | Reached XP level 6. HP: 29/40 MP: 6/6
  2227 | D:4      | Killed from afar by an orc priest

Skill      XL: |  1  2  3  4  5 |
---------------+----------------+-----
Fighting       | 4 5 |  5.1
Maces & Flails | 3 4 5 |  5.0
Armour         | |  3.2
Shields        | |  3.2

Action                   |  1- 3 |  4- 6 || total
-------------------------+-------+-------++-------
Melee: Flail             |   110 |    68 ||   178
       Morningstar       |       |    56 ||    56
  Use: Scroll            |       |     9 ||     9
  Eat: Chunk             |     1 |     3 ||     4
Armor: Scale mail        |    43 |       ||    43
       Chain mail        |    10 |    70 ||    80
Dodge: Dodged            |    39 |    18 ||    57
Block: Shield            |    50 |    51 ||   101
